 Dungeon Crawl Stone Soup version 0.22-a0-93-g6b88ebb (webtiles) character file.

652 4thArraOfDagon the Skirmisher (level 7, 0/93 HPs)
             Began as a Demigod Wanderer on Jan 24, 2018.
             Slain by an ogre
             ... wielding a +0 giant spiked club
              (4 damage)
             ... on level 6 of the Dungeon.
             The game lasted 00:06:57 (1835 turns).

4thArraOfDagon the Skirmisher (Demigod Wanderer)    Turns: 1835, Time: 00:06:58

Health: 0/93       AC: 23    Str: 15    XL:     7   Next: 7%
Magic:  11/11      EV:  2    Int: 19    God:
Gold:   40         SH:  0    Dex: 16    Spells: 8/8 levels left

rFire    . . .     SeeInvis .   n - +0 morningstar
rCold    . . .     Gourm    .   (no shield)
rNeg     + + +     Faith    .   (armour currently unavailable)
rPois    +         Spirit   .   (helmet currently unavailable)
rElec    .         Reflect  .   (cloak currently unavailable)
rCorr    .         Harm     .   (gloves currently unavailable)
MR       .....     NoTele   +   (boots currently unavailable)
Stlth    +.........             (no amulet)
HPRegen  0.25/turn              (no ring)
MPRegen  0.12/turn              (no ring)

@: tree-form
A: high mp 1
a: no special abilities


You were on level 6 of the Dungeon.
You were hungry.
You were a tree.
You visited 1 branch of the dungeon, and saw 6 of its levels.
You also visited: Sewer.

You collected 152 gold pieces.
You spent 112 gold pieces at shops.

Inventory:

Hand Weapons
 a - a +2 mace
 n - a +0 morningstar (weapon)
Armour
 b - a +0 ring mail
 f - a +0 helmet (melded)
 h - a +0 pair of gloves (melded)
 i - quicksilver dragon scales (melded)
 m - a +0 pair of boots (melded)
Scrolls
 d - a scroll of remove curse {unknown}
 e - a scroll of amnesia {unknown}
 g - 3 scrolls of identify {unknown}
 j - 2 scrolls of blinking {unknown}
 s - 4 scrolls of fear {unknown}
 u - a scroll of teleportation {unknown}
 v - a scroll of magic mapping {unknown}
Potions
 k - 2 potions of resistance {unknown}
 l - a potion of agility {unknown}
 o - a potion of invisibility {unknown}
 q - a potion of berserk rage
 r - a potion of mutation {unknown}
 t - a potion of might {unknown}
 w - a potion of brilliance {unknown}
Comestibles
 c - 4 rations


   Skills:
 + Level 5.6 Fighting
 - Level 2.0 Maces & Flails
 - Level 1.0 Throwing
 + Level 3.4 Armour
 + Level 3.3 Dodging
 - Level 1.0 Spellcasting
   Level 1.7 Charms
   Level 1.0 Evocations


You had 8 spell levels left.
You didn't know any spells.

Dungeon Overview and Level Annotations

Branches:
Dungeon (6/15)
 Temple: D:4-7

Shops:
D:5 !


Innate Abilities, Weirdness & Mutations

You have an increased reservoir of magic. (+10% MP)


Message History

You turn into a tree.
Your +0 helmet melds into your body.
Your +0 pair of gloves melds into your body.
Your +0 pair of boots melds into your body.
Your quicksilver dragon scales melds into your body.
Your roots penetrate the ground.
The ogre hits you with a giant spiked club!!
* * * LOW HITPOINT WARNING * * *
You hit the ogre.
The ogre is moderately wounded.
The ogre hits you but does no damage.
Unknown command.
You sock the ogre!
The ogre is severely wounded.
The ogre hits you with a giant spiked club!
* * * LOW HITPOINT WARNING * * *
Unknown command.
You hit the ogre but do no damage.
The ogre is severely wounded.
The ogre hits you with a giant spiked club.
You die...

.# # #'## #. ##...##
##.####### ##.....####
#........###.......#..
#..#(..#.##..........#
#.........'...........
#.##...#.##..........#
##♣##.###.......#
#....O...# ##.....##
#####.#### ##...## #.#
##'## #(#########.#
#....≈≈§≈≈..# #.!
#≈###≈..## #..
#_'....## #§###§....#


You could see an ogre.

Vanquished Creatures
  A phantom (D:6)
  2 centaurs (D:6)
  A howler monkey (D:4)
  A bullfrog zombie (D:5)
  An orc wizard (D:6)
  An iguana (D:4)
  A worker ant (D:6)
  A hound zombie (D:5)
  A gnoll (D:4)
  A howler monkey skeleton (D:4)
  7 adders
  3 river rats (Sewer)
  A worm (D:4)
  A dart slug (D:1)
  12 leopard geckos
  13 orcs
  4 ball pythons (Sewer)
  7 bats
  5 giant cockroaches
  2 goblins
  9 hobgoblins
  4 jackals (D:1)
  3 kobolds
  2 quokkas (D:3)
  6 frilled lizards
  A jackal skeleton (D:6)
  15 rats
106 creatures vanquished.

Vanquished Creatures (others)
  An orc wizard (D:6)
1 creature vanquished.

Grand Total: 107 creatures vanquished

Notes
Turn   | Place    | Note
-------+----------+-------------------------------------------
     0 | D:1      | 4thArraOfDagon the Demigod Wanderer began the quest for the Orb.
     0 | D:1      | 4thArraOfDagon set off with: a +2 mace, a +0 ring mail, a ration
     0 | D:1      | Reached XP level 1. HP: 18/18 MP: 4/4
    92 | D:1      | Reached skill level 3 in Fighting
   140 | D:1      | Reached XP level 2. HP: 8/26 MP: 5/5
   631 | D:2      | Reached XP level 3. HP: 31/33 MP: 6/6
   635 | D:2      | Reached skill level 4 in Fighting
   816 | D:3      | Noticed an ogre
   830 | D:4      | Reached XP level 4. HP: 36/41 MP: 8/8
   912 | D:3      | Reached skill level 1 in Armour
   912 | D:3      | Reached skill level 1 in Dodging
   964 | D:3      | Found a radiant altar of Vehumet.
  1068 | D:4      | Reached XP level 5. HP: 45/47 MP: 9/9
  1118 | D:4      | Found a blossoming altar of Fedhas.
  1197 | D:4      | Noticed an ogre
  1220 | D:5      | Entered Level 5 of the Dungeon
  1284 | D:5      | Found Faim's Distillery.
  1289 | D:5      | Bought a potion of lignification for 42 gold pieces
  1289 | D:5      | Bought a potion of berserk rage for 70 gold pieces
  1337 | D:6      | Noticed a centaur
  1337 | D:6      | Noticed a centaur
  1350 | D:6      | Killed a centaur
  1350 | D:6      | Reached skill level 5 in Fighting
  1350 | D:6      | Reached XP level 6. HP: 32/56 MP: 10/10
  1446 | D:6      | Found a glowing golden altar of the Shining One.
  1503 | D:6      | Found a glowing drain.
  1515 | Sewer    | Entered a sewer
  1807 | D:6      | Reached XP level 7. HP: 49/62 MP: 11/11
  1810 | D:6      | Found a white marble altar of Elyvilon.
  1834 | D:6      | HP: 3/93 [ogre/giant spiked club (8)]
  1835 | D:6      | Slain by an ogre

Vault maps used:
D:1:      erik_arrival_triangle_small
D:2:      okawaru_metal_pillars_1_2
D:3:      overflow_temple_1_default
D:4:      first_ration, fedhas_altar_2, uniq_duvessa
D:5:      lemuel_ratsnest, serial_shops, kennysheep_little_box,
          makhleb_blood_cavern_becter, uniq_sigmund
D:6:      kennysheep_mini_moat, kennysheep_mini,
          minmay_temple_entry_enclosed_plants, gup_sewer_entry_pipe
Sewer:    sewer_co_cracked_pipes

Skill      XL: |  1  2  3  4  5  6 |
---------------+-------------------+-----
Maces & Flails | 2 |  2.0
Fighting       | 3 4 5 |  5.6
Armour         | 1 2 3 |  3.4
Dodging        | 1 2 3 |  3.3
Throwing       | |  1.0
Spellcasting   | |  1.0
Charms         | |  1.7
Evocations     | |  1.0

Action                   |  1- 3 |  4- 6 |  7- 9 || total
-------------------------+-------+-------+-------++-------
Melee: Mace              |    97 |    59 |       ||   156
       Morningstar       |       |   228 |     6 ||   234
  Use: Potion            |       |       |     1 ||     1
  Eat: Ration            |       |     1 |       ||     1
Armor: Ring mail         |    38 |       |       ||    38
       Quicksilver drago |    27 |   178 |       ||   205
       Skin              |       |       |     1 ||     1
Dodge: Dodged            |    84 |   260 |     1 ||   345

Table legend:
 A = Spawn XP
 B = Non-spawn XP
 C = Spawn XP percentage of total XP
 D = Spawn monster count
 E = Non-spawn monster count
 F = Spawn count percentage of total count
 G = Total turns spent on level
                    A         B        C        D         E        F      G
               +---------+---------+-------+---------+---------+-------+---------
         Total |       0 |     932 |   0.0 |       0 |     107 |   0.0 |  1835
               +---------+---------+-------+---------+---------+-------+---------
           D:1 |       0 |      40 |   0.0 |       0 |      18 |   0.0 |   422
           D:2 |       0 |      39 |   0.0 |       0 |      11 |   0.0 |   373
           D:3 |       0 |      47 |   0.0 |       0 |      11 |   0.0 |   194
           D:4 |       0 |     174 |   0.0 |       0 |      17 |   0.0 |   231
           D:5 |       0 |      85 |   0.0 |       0 |       5 |   0.0 |    86
           D:6 |       0 |     482 |   0.0 |       0 |      20 |   0.0 |   275
         Sewer |       0 |      65 |   0.0 |       0 |      25 |   0.0 |   254
               +---------+---------+-------+---------+---------+-------+---------
